 Dungeon Crawl Stone Soup version 0.23-a0-180-ga5275e7 (webtiles) character file.

10 Amnesiac the Skirmisher (level 2, 0/24 HPs)
             Began as a Mummy Monk on Sept 18, 2018.
             Slain by an adder (2 damage)
             ... on level 1 of the Dungeon.
             The game lasted 00:01:03 (182 turns).

Amnesiac the Skirmisher (Mummy Monk)                 Turns: 182, Time: 00:01:04

Health: 0/24       AC:  5    Str: 14    XL:     2   Next: 10%
Magic:  4/4        EV: 12    Int:  9    God:
Gold:   9          SH:  0    Dex: 14    Spells: 4/4 levels left

rFire    . . .     SeeInvis .   a - +0 spear
rCold    + . .     Gourm    .   (no shield)
rNeg     + + +     Faith    .   b - +0 ring mail (curse)
rPois    ∞         Spirit   .   (no helmet)
rElec    .         Reflect  .   (no cloak)
rCorr    .         Harm     .   (no gloves)
MR       .....                  (no boots)
Stlth    +.........             (no amulet)
HPRegen  0.08/turn              c - +1 ring of evasion
MPRegen  0.09/turn              d - ring of protection from fire

@: no status effects
A: no food or potions, fire vulnerability, cold resistance 1, negative energy
resistance 3, torment resistance, unbreathing
a: no special abilities


You were on level 1 of the Dungeon.
You were not hungry.

You visited 1 branch of the dungeon, and saw 2 of its levels.

You collected 9 gold pieces.

Inventory:

Hand Weapons
 a - a +0 spear (weapon)
Armour
 b - a cursed +0 ring mail (worn)
Jewellery
 c - a +1 ring of evasion (left hand)
 d - a ring of protection from fire (right hand)


   Skills:
 - Level 3.0 Fighting
 - Level 2.4 Polearms
 + Level 2.6 Dodging
 - Level 1.5 Stealth
 * Level 1.7 Spellcasting


You had 4 spell levels left.
You didn't know any spells.
Your spell library was empty.

Dungeon Overview and Level Annotations

Branches:
Dungeon (2/15)

Altars:


Innate Abilities, Weirdness & Mutations

You do not eat or drink.
Your flesh is vulnerable to fire.
You are immune to poison.
Your flesh is cold resistant. (rC+)
You are immune to negative energy. (rN+++)
You are immune to unholy pain and torment.
You can survive without breathing.


Message History

Attack whom?
Press: ? - help, Dir - move target cursor, f - leopard gecko
Aim: a leopard gecko The rat is in the way.
You hit the rat.
The rat is heavily wounded.
The rat barely misses you.
Unknown command.
You hit the leopard gecko.
The leopard gecko is severely wounded.
The leopard gecko bites you.
* * * LOW HITPOINT WARNING * * *
The leopard gecko closely misses you.
You hit the leopard gecko.
You kill the leopard gecko!
You have reached level 2!
The adder bites you.
* * * LOW HITPOINT WARNING * * *
You barely miss the rat.
The rat is heavily wounded.
The adder closely misses you. The rat closely misses you.
You hit the rat.
You kill the rat!
The adder bites you.
* * * LOW HITPOINT WARNING * * *
You miss the adder. The adder bites you but does no damage.
The adder barely misses you.
Evoke which item? (* to show all) (? for menu, Esc to quit)
Okay, then.
You aren't carrying any scrolls.
Unknown command.
You closely miss the adder. The adder bites you but does no damage.
You hit the adder but do no damage. The adder misses you.
You are too injured to fight recklessly!
You are too injured to fight recklessly!
You are too injured to fight recklessly!
You are too injured to fight recklessly!
Unknown command.
Attack whom?
Press: ? - help, Dir - move target cursor, f - adder
Aim: an adder You barely miss the adder.
The adder bites you.
* * * LOW HITPOINT WARNING * * *
Attack whom?
Press: ? - help, Dir - move target cursor, f/p - adder
Aim: an adder You closely miss the adder.
The adder barely misses you. The adder bites you but does no damage.
Attack whom?
Press: ? - help, Dir - move target cursor, f/p - adder
Aim: an adder You hit the adder but do no damage.
The adder barely misses you.
Attack whom?
Press: ? - help, Dir - move target cursor, f/p - adder
Aim: an adder You hit the adder but do no damage.
The adder bites you but does no damage.
Attack whom?
Press: ? - help, Dir - move target cursor, f/p - adder
Aim: an adder You miss the adder.
The adder bites you but does no damage.
Attack whom?
Press: ? - help, Dir - move target cursor, f/p - adder
Aim: an adder You closely miss the adder.
The adder closely misses you. The adder bites you.
You die...

.# #................. .. .#
###..............# ...
####.#.............# ###...
..##.#.......††....###.....
...#.#...................#
##.#.##..................##
#..#.###.....#....>.......#
#.##)# #######.....#......#
#.##.#######...S@.##...#..#
...#..#........†####...# .
##.#..#.##.............#
.#.#.[..................#
.#.#..#......#...#......#
##.#.....>..............[$.
...#......%.............###
............[............#
.....#....†.[..(..........#


You could see an adder.

Vanquished Creatures
  A leopard gecko (D:1)
  A hobgoblin (D:1)
  A kobold (D:1)
  3 bats (D:1)
  3 frilled lizards (D:1)
  A rat (D:1)
10 creatures vanquished.

Notes
Turn   | Place    | Note
-------+----------+-------------------------------------------
     0 | D:1      | Amnesiac the Mummy Monk began the quest for the Orb.
     0 | D:1      | Reached XP level 1. HP: 18/18 MP: 1/1
    72 | D:1      | Reached skill level 1 in Spellcasting
   171 | D:1      | Reached XP level 2. HP: 10/24 MP: 4/4
   182 | D:1      | Slain by an adder

Vault maps used:
D:1:      dpeg_arrival_erosion, nrook_loot_triangle
D:2:      lemuel_crystal_altar, grunt_gozag_breadcrumbs

Skill      XL: |  1 |
---------------+----+-----
Spellcasting   | 1 |  1.7
Fighting       | |  3.0
Polearms       | |  2.4
Dodging        | |  2.6
Stealth        | |  1.5

Action                   || total
-------------------------++-------
Melee: Spear             ||    49
 Stab: Sleeping          ||     1
Armor: Leather armour    ||     5
       Ring mail         ||     7
       Robe              ||     1
Dodge: Dodged            ||    31

Table legend:
 A = Non-vault XP
 B = Vault XP
 C = Vault XP percentage of total XP
 D = Non-vault monster count
 E = Vault monster count
 F = Vault count percentage of total count
                 A         B        C        D         E       F
            +---------+---------+-------+---------+---------+-------
      Total |      15 |       0 |   0.0 |      10 |       0 |   0.0
            +---------+---------+-------+---------+---------+-------
        D:1 |      15 |       0 |   0.0 |      10 |       0 |   0.0
            +---------+---------+-------+---------+---------+-------
